 Dungeon Crawl Stone Soup version 0.29.1-12-g30fa7ad0bf (webtiles) character file.

Game seed: 9867588761830843377

3428 Peloso the Carver (level 9, -7/117 HPs)
             Began as a Minotaur Fighter on Dec 28, 2022.
             Was a Follower of Okawaru.
             Mangled by a spriggan
             ... wielding a +0 trident
              (12 damage)
             ... in a bailey.
             The game lasted 00:16:02 (7894 turns).

Peloso the Carver (Minotaur Fighter)                Turns: 7894, Time: 00:16:03

Health: -7/117     AC: 16    Str: 23    XL:     9   Next: 76%
Magic:  8/8        EV:  6    Int:  5    God:    Okawaru [*.....]
Gold:   306        SH:  9    Dex:  7    Spells: 8/8 levels left

rFire   . . .      SeeInvis .   a - +0 long sword
rCold   . . .      Faith    .   d - +0 kite shield
rNeg    + . .      Spirit   .   D - +1 plate armour of Nenwif {Regen+ rCorr Dex-5 Slay+5}
rPois   .          Reflect  .   (helmet restricted)
rElec   .          Harm     .   k - +0 cloak
rCorr   +          Rampage  .   (no gloves)
Will    .....                   (no boots)
Stlth   ..........              n - amulet of regeneration
HPRegen 1.89/turn               j - ring of positive energy
MPRegen 0.11/turn               (no ring)

@: berserking, hasted, studying Evocations, very quick
A: horns 2, retaliatory headbutt
a: Renounce Religion, Heroism


You were in a bailey.
You worshipped Okawaru.
Okawaru was aware of your devotion.
You visited 2 branches of the dungeon, and saw 9 of its levels.
You also visited: Bailey.

You collected 306 gold pieces.

Inventory:

Hand Weapons
 a - a +0 long sword (weapon)
 b - a +2 short sword of flaming
Armour
 c - a +0 scale mail
 d - a +0 kite shield (worn)
 k - a +0 cloak (worn)
 u - a +1 crystal plate armour
 D - the +1 plate armour of Nenwif (worn) {Regen+ rCorr Dex-5 Slay+5}
   (You found it on level 7 of the Dungeon)

   Dex:       It affects your dexterity (-5).
   Slay:      It affects your accuracy & damage with ranged weapons and melee
   (+5).
   Regen:     It increases your rate of health regeneration.
   rCorr:     It protects you from acid and corrosion.
Jewellery
 e - an amulet of magic regeneration
 j - a ring of positive energy (left hand)
 n - an amulet of regeneration (around neck)
 H - a ring of ice
Wands
 t - a wand of flame (22)
 B - a wand of polymorph (9)
 G - a wand of mindburst (8)
Scrolls
 g - a scroll of blinking
 l - a scroll of noise
 m - a scroll of poison
 q - a scroll of immolation
 r - a scroll of enchant armour
 v - a scroll of fog
 w - 2 scrolls of enchant weapon {unknown}
 x - a scroll of amnesia
 y - a scroll of teleportation {unknown}
 z - a scroll of fear {unknown}
Potions
 h - a potion of flight
 p - 2 potions of mutation
 s - a potion of brilliance {unknown}
 A - 2 potions of haste
 E - a potion of cancellation {unknown}


   Skills:
 + Level 6.7 Fighting
 + Level 10.7 Long Blades
 + Level 8.4 Armour
 + Level 2.3 Dodging
 + Level 0.4 Stealth
 + Level 9.2 Shields


You had 8 spell levels left.
You didn't know any spells.
Your spell library contained the following spells:

 Spells                   Type           Power      Damage    Failure   Level
 Apportation              Tloc           0%         N/A       100%        1
 Beastly Appendage        Tmut           0%         N/A       100%        1
 Necrotise                Necr           0%         1d4       100%        1
 Wereblood                Tmut           0%         N/A       100%        2
 Inner Flame              Hex/Fire       0%         N/A       100%        3
 Spider Form              Tmut/Pois      0%         N/A       100%        3
 Cause Fear               Hex            0%         N/A       100%        4
 Corpse Rot               Necr/Pois/Air  0%         N/A       100%        4
 Dispel Undead            Necr           0%         3d6       100%        4
 Alistair's Intoxication  Tmut/Pois      0%         N/A       100%        5
 Borgnjor's Vile Clutch   Necr/Erth      0%         N/A       100%        5
 Eringya's Noxious Bog    Tmut/Pois      0%         N/A       100%        6
 Discord                  Hex            0%         N/A       100%        8
 Summon Small Mammal      Summ           Unusable   N/A       N/A         1
 Death Channel            Necr           Unusable   N/A       N/A         6

Dungeon Overview and Level Annotations

Branches:
Dungeon (8/15)             Temple (1/1) D:7          Bailey (1/1)
   Lair: D:8-11

Altars:
Ashenzari
Cheibriados
Dithmenos
Elyvilon
Fedhas
Gozag
Hepliaklqana
Makhleb
Nemelex Xobeh
Okawaru
Qazlal
Ru
Sif Muna
Uskayaw
Vehumet
Wu Jian
Xom
Yredelemnul
The Shining One

Shops:
D:8 [


Innate Abilities, Weirdness & Mutations

You have a pair of horns on your head.
You reflexively headbutt those who attack you in melee.


Message History

* * * LOW HITPOINT WARNING * * *
Blink to where?
Press: ? - help, Dir - move target, p - spriggan A two-headed ogre and 2 spriggans come into view.
As you read the scroll of blinking, it crumbles to dust.
The two-headed ogre shouts in stereo!
The spriggan shouts! x2
A spriggan comes into view. It is wielding a +0 spear.
Unknown command.
Okay, then.
It was a potion of berserk rage.
A red film seems to cover your vision as you go berserk!
You feel yourself moving faster!
You feel mighty!
The spriggan shouts!
The spriggan hits you from afar with a +0 trident.
* * * LOW HITPOINT WARNING * * *
The spriggan hits you but does no damage.
A spriggan comes into view. It is wielding a +0 trident.
You feel a strong urge to attack something.
The spriggan shouts!
You block the two-headed ogre's attack.
The two-headed ogre completely misses you.
The spriggan hits you with a +0 trident.
* * * LOW HITPOINT WARNING * * *
The spriggan splashes around in the water.
You miss the spriggan.
The spriggan reads a scroll.
Wisps of shadow swirl around the spriggan.
You slash the spriggan!
The spriggan is moderately wounded.
You block the spriggan's attack. The spriggan barely misses you.
The two-headed ogre hits you from afar with a +0 halberd.
* * * LOW HITPOINT WARNING * * *
You block the two-headed ogre's attack.
The spriggan hits you from afar with a +0 spear.
* * * LOW HITPOINT WARNING * * *
You slash the spriggan! Your headbutt misses the spriggan.
The spriggan is severely wounded.
You block the spriggan's attack.
The spriggan hits you but does no damage.
The spriggan hits you with a +0 trident!
You die...

#########
##..iO...##
#i.@.i....#
#.i..i~~....
##.i####~♣♣♣#.
##..♣ .o. #..#
♣♣♣o #..# io
#..# g #.i#
#.i#


You could see a two-headed ogre, 7 spriggans, a gnoll (summoned) and 3 orcs.

Vanquished Creatures
  A hornet (D:8)
  Sigmund (D:3)
  3 water moccasins
  A sky beast (D:4)
  A black bear (D:4)
  2 ice beasts
  4 ogres
  2 centaurs
  2 phantoms
  A kobold brigand (D:6)
  Blork the orc (D:4)
  A necrophage (D:7)
  5 scorpions
  A wight (D:8)
  7 killer bees (D:8)
  An electric eel (D:7)
  A jelly (D:7)
  6 orc priests
  4 iguanas
  Natasha (thrice) (D:2)
  10 orc wizards
  4 gnolls
  5 adders
  A shadow imp (D:7)
  A white imp (D:7)
  3 ufetubi
  2 worms
  2 dart slugs
  37 orcs
  3 endoplasms
  A giant cockroach (D:4)
  5 goblins
  4 hobgoblins
  10 ball pythons
  5 bats
  4 frilled lizards
  9 kobolds
  3 rats
157 creatures vanquished.

Vanquished Creatures (others)
  14 plants
14 creatures vanquished.

Grand Total: 171 creatures vanquished

Notes
Turn   | Place    | Note
-------+----------+-------------------------------------------
     0 | D:1      | Peloso the Minotaur Fighter began the quest for the Orb.
     0 | D:1      | Reached XP level 1. HP: 19/19 MP: 0/0
   148 | D:1      | Found a faded altar of an unknown god.
   188 | D:1      | Reached XP level 2. HP: 27/27 MP: 1/1
   357 | D:1      | Reached skill level 3 in Long Blades
  1128 | D:2      | Reached XP level 3. HP: 33/33 MP: 2/2
  1245 | D:2      | Noticed Natasha
  1253 | D:2      | Killed Natasha
  1653 | D:2      | Noticed Natasha
  1662 | D:2      | Killed Natasha
  1663 | D:2      | Reached XP level 4. HP: 35/41 MP: 3/3
  1762 | D:2      | Noticed Natasha
  1765 | D:2      | Killed Natasha
  1766 | D:2      | Reached skill level 1 in Dodging
  2219 | D:2      | Reached skill level 4 in Long Blades
  2219 | D:2      | Reached XP level 5. HP: 17/47 MP: 4/4
  2754 | D:2      | Reached skill level 5 in Shields
  3335 | D:3      | Found a burning altar of Makhleb.
  3335 | D:3      | Found an ornate altar of the Wu Jian Council.
  3391 | D:3      | Noticed Sigmund
  3426 | D:3      | Killed Sigmund
  3427 | D:3      | Reached skill level 5 in Armour
  3427 | D:3      | Reached XP level 6. HP: 48/55 MP: 5/5
  3814 | D:4      | Reached skill level 5 in Long Blades
  3818 | D:4      | Reached skill level 5 in Fighting
  3962 | D:4      | Noticed Blork the orc
  3967 | D:4      | Killed Blork the orc
  3968 | D:4      | Reached XP level 7. HP: 61/61 MP: 6/6
  4213 | D:4      | Reached skill level 6 in Long Blades
  4407 | D:5      | Entered Level 5 of the Dungeon
  4434 | D:5      | Reached XP level 8. HP: 69/69 MP: 7/7
  4513 | D:5      | Reached skill level 7 in Long Blades
  4780 | D:5      | Reached skill level 8 in Long Blades
  5523 | D:6      | Reached skill level 9 in Long Blades
  5583 | D:6      | Reached XP level 9. HP: 75/75 MP: 8/8
  6264 | D:7      | Identified the +1 plate armour of Nenwif {Regen+ rCorr
                  | Dex-5 Slay+5}
  6585 | D:7      | Reached skill level 10 in Long Blades
  6688 | D:7      | Found a staircase to the Ecumenical Temple.
  6702 | Temple   | Entered the Ecumenical Temple
  6965 | Temple   | Became a worshipper of Warmaster Okawaru
  7661 | D:8      | Reached * piety under Okawaru
  7740 | D:8      | Found Tokoyo's Dragon-Slaying Spoils.
  7794 | D:8      | Found a flagged portal.
  7817 | Bailey   | Entered a bailey
  7888 | Bailey   | Noticed a two-headed ogre
  7893 | Bailey   | HP: 4/117 [spriggan/+0 spear (2)]
  7894 | Bailey   | Mangled by a spriggan

Illustrated notes

Levels and vault maps discovered:
D:1:      dpeg_arrival_tiny_a, layout_rooms, serial_forest,
          infiniplex_forest_corner_1, infiniplex_forest_clump_long,
          infiniplex_forest_corner_1, infiniplex_forest_zigzag_1,
          infiniplex_forest_fountain, infiniplex_forest_side_room,
          chequers_ecumenical_altar_simple_redux,
          chequers_serial_rivers_micro_b, nrook_campfire,
          minmay_shallow_snake_nest
D:2:      layout_loops_ring, grunt_decor_resistance, uniq_natasha
D:3:      layout_basic, gammafunk_temple_overflow_pools, minmay_fountain_box,
          minmay_misc_feat_secret_circle, kennysheep_donut, uniq_sigmund
D:4:      layout_basic, uniq_blork_the_orc
D:5:      layout_basic, minmay_manual_monstrance
D:6:      minmay_angry_zag, layout_basic
D:7:      layout_loops_ring, minmay_temple_entry_statues_fountains,
          nicolae_zen_rock_garden, kennysheep_dice
D:8:      layout_basic, enter_bailey_2, nicolae_shop_dragon_depot, uniq_joseph,
          uniq_grum
Temple:   mainiacjoe_temple_big_plus
Bailey:   bailey_polearm_enchanted_keep_hellmonk, bailey

Skill      XL: |  1  2  3  4  5  6  7  8  9 |
---------------+----------------------------+-----
Shields        | 4 5 6 7 9 |  9.2
Long Blades    | 3 4 5 6 9 10 | 10.7
Armour         | 4 5 6 7 8 |  8.4
Fighting       | 4 5 6 |  6.7
Dodging        | 1 2 |  2.3
Stealth        | |  0.4

Action                   |  1- 3 |  4- 6 |  7- 9 || total
-------------------------+-------+-------+-------++-------
Melee: Long sword        |    62 |   145 |   376 ||   583
       Headbutt          |    10 |    21 |    81 ||   112
Invok: Heroism           |       |       |     1 ||     1
Evoke: Wand              |       |       |     5 ||     5
  Use: Scroll            |     4 |       |    11 ||    15
       Potion            |       |     1 |     7 ||     8
Armor: Scale mail        |    34 |    70 |       ||   104
       Crystal plate arm |       |    52 |   176 ||   228
       Plate armour      |       |       |   105 ||   105
Dodge: Dodged            |    34 |    41 |    73 ||   148
Block: Buckler           |    12 |       |       ||    12
       Kite shield       |     5 |   105 |   187 ||   297
